 Dungeon Crawl Stone Soup version 0.27-a0-124-g19cb506db8 (webtiles) character file.

Game seed: 9641339956664152077

2321 lunkers the Geomancer (level 9, -4/57 HPs)
             Began as a Vampire Earth Elementalist on Jan 21, 2021.
             Was an Initiate of Gozag.
             Killed from afar by an orc wizard (10 damage)
             ... with a puff of frost
             ... on level 8 of the Dungeon on Jan 25, 2021.
             The game lasted 00:13:46 (9222 turns).

lunkers the Geomancer (Vampire Earth Elementalist)  Turns: 9222, Time: 00:13:47

Health: -4/57      AC:  6    Str:  7    XL:     9   Next: 18%
Magic:  7/28       EV: 12    Int: 21    God:    Gozag
Gold:   434        SH:  0    Dex: 14    Spells: 15/21 levels left

rFire    . . .     SeeInvis +   I - staff of earth
rCold    . . .     Faith    .   (no shield)
rNeg     . . .     Spirit   .   c - +0 robe
rPois    .         Reflect  .   v - +2 hat
rElec    .         Harm     .   F - +0 cloak
rCorr    .         Rampage  .   (no gloves)
Will     .....                  l - +0 pair of boots
Stlth    ++........             (no amulet)
HPRegen  0.39/turn              B - ring of magical power
MPRegen  0.21/turn              (no ring)

@: lethally poisoned (-4 -> -6), gold aura, regenerating quickly
A: fangs 3, see invisible, unbreathing
a: Exsanguinate, Renounce Religion, Potion Petition, Call Merchant, Bribe Branch


You were on level 8 of the Dungeon.
You worshipped Gozag.
Gozag was aware of your devotion.
You visited 2 branches of the dungeon, and saw 9 of its levels.

You collected 518 gold pieces.
You paid 84 gold pieces to Gozag.

Inventory:

Hand Weapons
 e - a +1 dagger
Missiles
 i - 18 poisoned darts (quivered)
 q - 212 stones
Armour
 c - a +0 robe (worn)
 l - a +0 pair of boots (worn)
 v - a +2 hat (worn)
 y - a +0 kite shield
 F - a +0 cloak (worn)
Magical Staves
 I - an uncursed staff of earth (weapon)
Jewellery
 B - a ring of magical power (left hand)
Wands
 w - a wand of paralysis (9)
 C - a wand of enslavement (12)
 D - a wand of acid (7)
 G - a wand of iceblast (14)
 H - a wand of polymorph (12)
Scrolls
 a - a scroll of noise {unknown}
 b - 6 scrolls of enchant weapon
 d - 3 scrolls of remove curse
 f - 4 scrolls of immolation {unknown}
 h - 5 scrolls of identify
 j - 5 scrolls of teleportation
 m - 2 scrolls of fog {unknown}
 n - a scroll of blinking {unknown}
 r - a scroll of random uselessness {unknown}
 s - a scroll of fear {unknown}
 u - 2 scrolls of enchant armour {unknown}
 z - 3 scrolls of magic mapping {unknown}
Potions
 g - 3 potions of brilliance
 k - a potion of flight
 o - a potion of mutation
 p - 2 potions of berserk rage
 t - 4 potions of magic
 x - 2 potions of curing
 A - 3 potions of cancellation
 E - a potion of invisibility {unknown}


   Skills:
 - Level 2.1 Dodging
 - Level 3.0 Stealth
 + Level 6.7 Spellcasting
 - Level 1.1 Transmutations
 * Level 10.4 Earth Magic


You had 15 spell levels left.
You knew the following spells:

 Your Spells              Type           Power        Failure   Level
a - Stone Arrow           Conj/Erth      86%          3%          3
b - Passwall              Tmut/Erth      39%          1%          2
c - Sandblast             Erth           100%         1%          1

Your spell library contained the following spells:

 Spells                   Type           Power        Failure   Level
 Lee's Rapid Deconstruct  Erth           33%          3%          5
 Petrify                  Tmut/Erth      47%          9%          4


Dungeon Overview and Level Annotations

Branches:
Dungeon (8/15)             Temple (1/1) D:6
   Lair: D:8-11

Altars:
Ashenzari
Cheibriados
Dithmenos
Elyvilon
Gozag
Hepliaklqana
Kikubaaqudgha
Makhleb
Okawaru
Qazlal
Ru
Sif Muna
Trog
Uskayaw
Wu Jian
Xom
Yredelemnul
Zin
The Shining One

Annotations:
D:8 Erica


Innate Abilities, Weirdness & Mutations

Your natural rate of healing is unusually fast.
You have razor-sharp teeth.
You have supernaturally acute eyesight. (SInv)
You can survive without breathing.


Message History

Aim: a killer bee (moderately wounded, 49% to evade)
You feel a surge of power!
The stone arrow hits the killer bee!
The killer bee is almost dead.
You feel sick. The killer bee misses you. The killer bee completely misses you.
The orc wizard casts a spell.
The orc wizard seems to speed up.
Unknown command.
Unknown command.
Casting: Stone Arrow (dangerous; 3% risk of failure)
Confirm with . or Enter, or press ? or * to list all spells.
Aiming: Stone Arrow (dangerous; 3% risk of failure)
Press: ? - help, Shift-Dir - straight line, f/p - killer bee
Aim: a killer bee (almost dead, 49% to evade)
You feel a surge of power!
The stone arrow hits the killer bee!
You kill the killer bee!
* * * LOW MAGIC WARNING * * *
The orc wizard points at you and mumbles some strange words.
The puff of frost hits you!
You die...
Your body crumbles into a pile of gold.

#.# #.# #<# #.#
#.# #.# #.#
#######.####
#..Zo@.....#
#.#o######.#
#.#$# #
##.##.#o######.
Z.....Z......o.
##.o###o######.
# #h# #.$ #.h.


You could see 2 orc wizards and a centaur skeleton.

Vanquished Creatures
  Sigmund (D:2)
  3 sky beasts
  4 ogres
  3 centaurs
  2 bullfrogs (D:7)
  3 scorpions
  A howler monkey (D:4)
  3 killer bees (D:8)
  5 orc wizards
  A bullfrog zombie (D:5)
  3 orc priests
  A hound (D:6)
  2 jellies
  An iguana (D:8)
  5 worker ants
  A howler monkey skeleton (D:6)
  16 adders
  8 gnolls
  A shadow imp (D:6)
  2 white imps (D:5)
  2 ufetubi
  An ooze (D:6)
  3 adder zombies
  3 worms
  4 dart slugs
  2 leopard geckos
  25 orcs
  2 ball pythons
  3 giant cockroaches (D:3)
  9 goblins
  8 hobgoblins
  11 jackals
  6 kobolds
  2 quokkas
  7 bats
  3 frilled lizards
  9 rats
166 creatures vanquished.

Notes
Turn   | Place    | Note
-------+----------+-------------------------------------------
     0 | D:1      | lunkers the Vampire Earth Elementalist began the quest for
                  | the Orb.
     0 | D:1      | Reached XP level 1. HP: 13/13 MP: 3/3
   242 | D:1      | Reached XP level 2. HP: 19/19 MP: 3/5
  1095 | D:1      | Reached XP level 3. HP: 24/24 MP: 4/6
  1203 | D:2      | Noticed Sigmund
  1216 | D:2      | Learned a level 2 spell: Passwall
  1220 | D:2      | Learned a level 3 spell: Stone Arrow
  1329 | D:2      | Reached skill level 4 in Earth Magic
  1471 | D:2      | HP: 1/24 [Sigmund/puff of flame (9)]
  1472 | D:2      | Killed Sigmund
  1473 | D:2      | Reached skill level 5 in Earth Magic
  1473 | D:2      | Reached XP level 4. HP: 2/30 MP: 1/9
  1473 | D:2      | Reached XP level 5. HP: 2/35 MP: 1/10
  2105 | D:2      | Reached XP level 6. HP: 17/41 MP: 2/11
  2386 | D:2      | Reached skill level 6 in Earth Magic
  3995 | D:3      | Found a glowing silver altar of Zin.
  4502 | D:4      | Reached skill level 7 in Earth Magic
  4502 | D:4      | Reached XP level 7. HP: 46/46 MP: 0/13
  5219 | D:4      | Found a stormy altar of Qazlal.
  5358 | D:4      | Found a sacrificial altar of Ru.
  5596 | D:5      | Entered Level 5 of the Dungeon
  5696 | D:5      | Reached skill level 5 in Spellcasting
  5839 | D:5      | Reached skill level 8 in Earth Magic
  5966 | D:5      | Reached XP level 8. HP: 39/52 MP: 8/15
  6814 | D:5      | Reached skill level 9 in Earth Magic
  7046 | D:6      | Found a burning altar of Makhleb.
  7104 | D:6      | Found a staircase to the Ecumenical Temple.
  7125 | Temple   | Entered the Ecumenical Temple
  7441 | Temple   | Became a worshipper of Gozag Ym Sagoz the Greedy
  7870 | D:6      | Found a glowing golden altar of the Shining One.
  7951 | D:6      | Found a hazy altar of Hepliaklqana.
  8268 | D:7      | You fall into a shaft and drop 1 floor!
  8363 | D:8      | Noticed Erica
  8447 | D:7      | Reached skill level 10 in Earth Magic
  8610 | D:7      | Reached XP level 9. HP: 57/57 MP: 18/18
  8614 | D:7      | Upgraded the game from 0.27-a0-101-g3cb999cee2 to
                  | 0.27-a0-124-g19cb506db8
  9222 | D:8      | Killed from afar by an orc wizard

Illustrated notes

Levels and vault maps discovered:
D:1:      sevenhm_arrival_forest_fort_small_4, layout_basic
D:2:      minmay_general_purpose_star, layout_basic, uniq_sigmund
D:3:      layout_rooms, lemuel_round_altar, chequers_garden
D:4:      layout_rooms, overflow_temple_1_default, nicolae_ru_path_of_blood
D:5:      layout_basic, minmay_small_thing
D:6:      layout_rooms, tso_metal_star, lemuel_doored_altar,
          minmay_temple_entry_statues_fountains, bloody_makhleb
D:7:      layout_rooms
D:8:      layout_loops_ring, lair_entry_dummy, minmay_mini_ossuary, uniq_grum,
          uniq_erica
Temple:   eino_narrow_crystal_temple

Skill      XL: |  1  2  3  4  5  6  7  8 |
---------------+-------------------------+-----
Earth Magic    | 5 7 8 10 | 10.4
Spellcasting   | 3 4 5 6 |  6.7
Dodging        | |  2.1
Stealth        | |  3.0
Transmutations | |  1.1

Action                   |  1- 3 |  4- 6 |  7- 9 || total
-------------------------+-------+-------+-------++-------
Melee: Dagger            |    21 |    90 |    88 ||   199
       Bite              |     1 |     5 |     5 ||    11
       Staff             |       |       |     2 ||     2
Throw: Dart              |     9 |    54 |     9 ||    72
 Cast: Sandblast         |    38 |     2 |     5 ||    45
       Stone Arrow       |       |    65 |   138 ||   203
  Use: Scroll            |       |       |     9 ||     9
Armor: Robe              |     8 |    21 |    41 ||    70
Dodge: Dodged            |    23 |   102 |    93 ||   218

Table legend: (Time is in decaauts)
 A = Elapsed time spent in this place.
 B = Non-inter-level travel time spent in this place.
 C = Inter-level travel time spent in this place.
 D = Time resting spent in this place.
 E = Time spent auto-exploring this place.
 F = Levels seen in this place.
 G = Mean time per level.
                   A        B        C        D        E       F      G
               +--------+--------+--------+--------+--------+-----+--------+
         Total |   9234 |   9067 |    167 |    562 |   7029 |   9 | 1026.0 |
       Dungeon |   8903 |   8751 |    152 |    562 |   6745 |   8 | 1112.9 |
        Temple |    331 |    316 |     15 |      0 |    284 |   1 |  331.0 |
               +--------+--------+--------+--------+--------+-----+--------+

Top non-repeatable levels by time:
     D:2: 2028 daAuts
     D:5: 1449 daAuts
     D:3: 1239 daAuts
     D:1: 1197 daAuts
     D:4: 1142 daAuts
     D:6: 832 daAuts
     D:7: 765 daAuts
  Temple: 331 daAuts
     D:8: 248 daAuts
